 Dungeon Crawl Stone Soup version 0.29.0-13-gc9e81de378 (webtiles) character file.

Game seed: 11500097895829736938

16 SensoryNuts the Trooper (level 2, -6/24 HPs)
             Began as a Demonspawn Fighter on Sept 8, 2022.
             Engulfed by a cloud of flame (13 damage)
             ... on level 1 of the Dungeon.
             The game lasted 00:00:22 (790 turns).

SensoryNuts the Trooper (Demonspawn Fighter)         Turns: 790, Time: 00:00:23

Health: -6/24      AC: 12    Str: 16    XL:     2   Next: 37%
Magic:  2/2        EV:  8    Int:  9    God:
Gold:   54         SH:  4    Dex: 12    Spells: 1/1 levels left

rFire   . . .      SeeInvis .   a - +0 long sword
rCold   . . .      Faith    .   c - +0 buckler
rNeg    . . .      Spirit   .   b - +0 scale mail
rPois   .          Reflect  .   (no helmet)
rElec   .          Harm     .   (no cloak)
rCorr   .          Rampage  .   (no gloves)
Will    .....                   (no boots)
Stlth   ..........              (no amulet)
HPRegen 0.08/turn               (no ring)
MPRegen 0.08/turn               (no ring)

@: sanguine armoured
A: sanguine armour 1
a: no special abilities


You were on level 1 of the Dungeon.
You visited 1 branch of the dungeon, and saw 1 of its levels.

You collected 54 gold pieces.

Inventory:

Hand Weapons
 a - a +0 long sword (weapon)
Armour
 b - a +0 scale mail (worn)
 c - a +0 buckler (worn)
Scrolls
 e - a scroll of noise {unknown}
 f - a scroll of torment {unknown}
Potions
 d - a potion of might
 g - a potion of degeneration {unknown}
 h - a potion of brilliance {unknown}


   Skills:
 + Level 3.2 Fighting
 * Level 2.0 Long Blades
 + Level 2.9 Armour
 + Level 2.9 Shields


You had one spell level left.
You didn't know any spells.
Your spell library was empty.

Dungeon Overview and Level Annotations

Branches:
Dungeon (1/15)

Altars:


Innate Abilities, Weirdness & Mutations

When seriously injured, your blood forms armour. (AC +6)


Message History

You barely miss the ball python. You block the ball python's attack.
The ball python constricts you. The ball python bites you.
The ball python constricts you.
You closely miss the ball python. The ball python barely misses you.
The ball python constricts you.
You slash the ball python!
You kill the ball python!
No target in view!
No target in view!
No target in view!
No target in view!
No target in view!
Found a hand axe.
You see here a +0 hand axe.
You now have 37 gold pieces (gained 11).
You now have 54 gold pieces (gained 17).
h - a smoky white potion An endoplasm comes into view.
Found 14 gold pieces.
The endoplasm quivers.
No reachable target in view!
No reachable target in view!
No reachable target in view!
An endoplasm is nearby!
An endoplasm is nearby!
An endoplasm is nearby!
No reachable target in view!
Found 24 gold pieces.
Really walk into a travel-excluded area?
Found 4 gold pieces.
The endoplasm is engulfed in blazing flames.
The endoplasm dies!
No target in view!
You are engulfed in blazing flames.
Ouch! That really hurt!
* * * LOW HITPOINT WARNING * * *
Your blood congeals into armour.
You are engulfed in blazing flames.
Ouch! That really hurt!
You die...

#.##..#### .# #.# #.##..#
#.§.# #.#
#.....########...#### #.#
#####......§§§..$..§§..###.#
.# #....#.☼☼§.$.$.§§§..†..#
.# ####...☼. .$$$.☼°§.#####
.# #..## #...### .#######..#
#§§☼# .#...)....# #§@○# #
...######## #§§☼# # .###
#####...# # .# #..###.## # #
.# #..##..###### #.# .#
#............. #.# ##
#.############ #.. #.# # #.#
### #


There were no monsters in sight!

Vanquished Creatures
  3 ball pythons (D:1)
  2 giant cockroaches (D:1)
  2 goblins (D:1)
  3 hobgoblins (D:1)
  2 kobolds (D:1)
  2 frilled lizards (D:1)
14 creatures vanquished.

Vanquished Creatures (others)
  An endoplasm (D:1)
1 creature vanquished.

Grand Total: 15 creatures vanquished

Notes
Turn   | Place    | Note
-------+----------+-------------------------------------------
     0 | D:1      | SensoryNuts the Demonspawn Fighter began the quest for the
                  | Orb.
     0 | D:1      | Reached XP level 1. HP: 18/18 MP: 1/1
   269 | D:1      | Gained mutation: When seriously injured, your blood forms
                  | armour. (AC +6) [demonic ancestry]
   269 | D:1      | Reached XP level 2. HP: 19/24 MP: 2/2
   790 | D:1      | Engulfed by a cloud of flame

Illustrated notes

Levels and vault maps discovered:
D:1:      sevenhm_arrival_forest_fort_small_4, layout_loops_ring,
          lemuel_flame_loot_1

Skill      XL: |  1 |
---------------+----+-----
Long Blades    | 2 |  2.0
Fighting       | |  3.2
Armour         | |  2.9
Shields        | |  2.9

Action                   || total
-------------------------++-------
Melee: Long sword        ||    43
Armor: Scale mail        ||    24
Dodge: Dodged            ||    12
Block: Buckler           ||     5
